Map: Neon Violet Square LE

Players

Maru - Winner!

  • Race: Terran Terran
  • Spawn Location: 5:00

Solar

  • Race: Zerg Zerg
  • Spawn Location: 11:00

Event: IEM Season 12 - Katowice

VOD

Have the link to the VOD?

Description

Time

  • Played on: March 3, 2018, 4:18 p.m.
  • Length: 18:58

All games in this series

Show
View Real Time Build Order
Export as new Build Order

Maru Terran - Winner!

Build Orders: MMM Bio 

Get SALT Encoding   

  12  0:00  SCV  
  13  0:12  SCV  
  14  0:18  Supply Depot  
  14  0:24  SCV  
  15  0:40  SCV  
  16  0:43  Barracks  
  16  0:52  SCV  
  17  0:59  Barracks  
  17  1:04  SCV  
  17  1:09  Refinery  
  18  1:16  SCV  
  19  1:30  Marine  
  19  1:31  Orbital Command  
  20  1:37  Bunker  
  20  1:43  Supply Depot  
  20  1:46  Marine  
  21  1:48  Marine  
  22  1:57  Bunker  
  22  2:01  SCV  
  23  2:04  Marine  
  24  2:16  Bunker  
  24  2:18  Marine  
  24  2:22  Marine  
  25  2:26  Factory  
  25  2:29  SCV  
  27  2:40  Marine  
  27  2:41  Supply Depot, SCV  
  28  2:52  Marine  
  28  2:53  SCV  
  28  2:58  Marine  
  31  3:05  SCV  
  28  3:15  Starport  
  28  3:17  Factory Reactor  
  26  3:25  SCV  
  23  3:33  Command Center  
  23  3:38  Refinery  
  23  3:39  SCV  
  24  3:53  Hellion  
  24  3:54  Hellion, SCV  
  29  4:02  Starport Tech Lab  
  29  4:06  SCV  
  30  4:17  Hellion x2  
  30  4:21  Raven  
  37  4:24  SCV  
  37  4:36  SCV  
  38  4:45  Hellion x2, Orbital Command  
  42  4:51  Armory  
  42  4:53  SCV  
  42  4:57  Barracks Tech Lab  
  43  5:04  Orbital Command, Medivac  
  45  5:08  Hellion  
  45  5:10  Hellion  
  49  5:15  SCV  
  50  5:23  Marine  
  50  5:24  Supply Depot  
  51  5:30  SCV  
  51  5:32  Stimpack  
  52  5:40  Barracks  
  52  5:41  Marine  
  53  5:45  Factory Reactor, Barracks  
  53  5:47  SCV x2  
  55  5:59  SCV x2  
  55  6:04  Marine  
  57  6:05  Supply Depot, Engineering Bay  
  58  6:11  SCV  
  58  6:14  Starport Reactor, SCV  
  58  6:22  Marine  
  58  6:24  Hellion x2  
  53  6:30  Marine  
  47  6:36  SCV  
  47  6:39  Marine  
  44  6:43  Orbital Command  
  43  6:48  SCV  
  43  6:51  Siege Tank  
  43  6:52  Marine x3  
  50  6:55  Marine  
  50  6:57  Marine  
  50  7:00  SCV  
  49  7:05  Supply Depot  
  49  7:09  Marine  
  49  7:12  SCV  
  49  7:15  Marine, Medivac  
  54  7:26  SCV x2, Medivac  
  54  7:29  Marine x2  
  58  7:32  Combat Shields  
  58  7:38  SCV  
  58  7:39  SCV  
  58  7:44  Siege Tank  
  61  7:50  SCV  
  61  7:51  SCV  
  62  8:01  Supply Depot, Marine  
  62  8:02  Marine x2  
  62  8:05  SCV  
  66  8:11  Medivac x2  
  70  8:23  SCV, Marine x2  
  70  8:25  Supply Depot  
  73  8:31  Command Center  
  73  8:40  Engineering Bay  
  73  8:41  SCV  
  73  8:43  Engineering Bay  
  73  8:46  Marine x2  
  73  8:47  Marine x2  
  78  8:50  Liberator  
  78  8:51  Marine  
  75  9:03  SCV x2  
  75  9:04  Marine x2  
  81  9:14  Terran Infantry Armor Level 1, Terran Infantry Weapons Level 1  
  81  9:15  Supply Depot, SCV x2  
  83  9:27  SCV x2, Refinery x2  
  83  9:30  Marine  
  86  9:37  Marine  
  86  9:39  Siege Tank  
  86  9:41  SCV x2  
  86  9:44  Orbital Command  
  91  9:53  SCV x2  
  91  9:56  Barracks  
  91  9:57  Barracks  
  91  9:59  Marine x3  
  96  10:04  Armory  
  96  10:10  SCV x2  
  98  10:14  Marine x2  
  98  10:16  Siege Tank  
  98  10:17  Medivac  
  98  10:18  SCV  
  106  10:26  Marine x2  
  106  10:40  SCV x3  
  106  10:41  Refinery  
  106  10:42  Refinery  
  106  10:43  Marine x2  
  106  10:44  Supply Depot x3  
  106  10:48  Siege Tank  
  108  10:52  SCV  
  109  10:59  Barracks Tech Lab x2  
  109  11:05  Factory, SCV x3, Marine x2  
  109  11:06  Terran Vehicle Weapons Level 1  
  109  11:09  Supply Depot  
  114  11:12  Supply Depot  
  114  11:14  Terran Infantry Armor Level 2  
  114  11:17  SCV x2, Terran Infantry Weapons Level 2  
  116  11:20  SCV  
  117  11:28  Marine x2  
  117  11:29  SCV  
  114  11:35  Marine x3  
  114  11:37  Siege Tank  
  114  11:39  Medivac  
  120  11:40  Marine x2  
  120  11:46  SCV, Marine  
  122  11:50  Factory Tech Lab  
  122  11:57  Marine  
  122  12:00  Command Center  
  123  12:07  Marauder x3  
  123  12:08  Concussive Shells  
  129  12:13  Sensor Tower  
  129  12:14  Supply Depot  
  129  12:16  Marine x2  
  129  12:17  Siege Tank, Marine x2  
  136  12:26  Siege Tank  
  136  12:28  Marine  
  140  12:32  Supply Depot  
  140  12:38  Marine x3, Medivac x2, Marauder x2  
  140  12:42  Supply Depot  
  140  12:43  Supply Depot  
  151  12:50  Marine, Marauder  
  137  12:59  Marauder  
  137  13:06  Barracks x2  
  137  13:07  Marine  
  137  13:08  Medivac x2, Barracks, Marauder  
  142  13:15  Marine, Marauder  
  136  13:20  Terran Vehicle Weapons Level 2  
  136  13:21  Marauder  
  136  13:27  Marine  
  138  13:29  Marauder  
  141  13:35  Terran Infantry Weapons Level 3  
  141  13:37  Marauder  
  143  13:48  Marine  
  143  13:49  Marine x2, Marauder  
  143  13:50  Marauder  
  143  13:51  SCV  
  151  13:57  Planetary Fortress  
  151  14:02  Terran Infantry Armor Level 3  
  151  14:03  Liberator  
  151  14:04  Marine  
  151  14:05  Barracks Reactor, Liberator  
  151  14:07  Barracks Tech Lab  
  151  14:09  Barracks Reactor  
  152  14:10  Marine x2  
  152  14:16  Marine x2  
  160  14:17  Marauder x2  
  166  14:25  Siege Tank  
  166  14:28  Marine x2  
  166  14:29  Marauder  
  173  14:37  Refinery  
  173  14:38  Refinery, Marine, Marauder x2  
  178  14:46  Command Center  
  178  14:49  Liberator  
  178  14:53  Marine, Marauder x2  
  178  14:55  Liberator  
  178  14:59  Siege Tank x2, Marine x2, Marauder  
  194  15:00  Marauder  
  196  15:13  Command Center  
  196  15:15  Marauder  
  189  15:22  Marine x3, Marauder x2  
  189  15:23  Marauder  
  196  15:39  Marine  
  196  15:40  Marauder  
  196  15:41  Marine  
  194  15:44  Siege Tank, Marauder  
  194  15:45  Siege Tank  
  194  15:48  Marine  
  196  15:51  Ghost Academy  
  196  15:52  Marine  
  196  15:54  SCV  
  196  16:04  Command Center  
  196  16:14  Sensor Tower  
  196  16:16  Terran Vehicle Weapons Level 3  
  196  16:24  SCV x2, Marine x2  
  200  16:35  SCV x2  
  199  16:45  Ghost x3  
  199  16:46  Ghost  
  195  16:47  Viking x2  
  195  16:49  Starport  
  195  16:50  Starport  
  195  16:51  Starport  
  194  17:14  Ghost x3  
  200  17:18  Refinery x2  
  165  17:51  Ghost x2  
  165  17:52  Liberator  
  159  18:02  Ghost x2, Marine  
  159  18:03  Marine  
  159  18:04  Siege Tank x2, Marine x3  
  172  18:20  Ghost, Orbital Command  
  172  18:21  Marauder  
  176  18:31  Marauder x2  
  176  18:32  Marine x3  
  183  18:37  Marine x2  
Show
View Real Time Build Order
Export as new Build Order

Solar Zerg 

Build Orders: Hatch First 

Get SALT Encoding   

  12  0:01  Drone  
  13  0:13  Overlord  
  13  0:17  Drone  
  14  0:32  Drone x2  
  14  0:35  Drone  
  17  0:53  Hatchery  
  17  0:56  Drone  
  17  0:58  Drone  
  18  1:04  Extractor  
  17  1:14  Spawning Pool  
  17  1:17  Drone  
  17  1:20  Drone  
  18  1:28  Drone  
  19  1:40  Drone  
  20  1:50  Overlord  
  20  2:00  Queen  
  22  2:04  Queen  
  22  2:06  Zergling x4  
  26  2:08  Metabolic Boost  
  26  2:11  Zergling x2  
  28  2:15  Zergling x2  
  28  2:24  Zergling x2  
  28  2:26  Zergling x2  
  30  2:34  Zergling x2  
  30  2:36  Queen  
  30  2:37  Zergling x2  
  34  2:45  Zergling x2  
  35  2:51  Zergling x2  
  28  3:11  Drone x2  
  25  3:16  Drone  
  25  3:20  Drone  
  24  3:28  Drone  
  24  3:31  Drone  
  26  3:37  Drone  
  26  3:41  Drone  
  28  3:46  Drone x3  
  31  3:51  Drone  
  31  3:55  Drone  
  33  3:57  Drone  
  33  3:59  Drone  
  35  4:05  Overlord  
  35  4:23  Drone  
  35  4:24  Drone x2  
  38  4:26  Drone x3  
  38  4:27  Drone  
  42  4:34  Drone  
  42  4:36  Overlord  
  43  4:42  Hatchery  
  42  4:45  Drone  
  42  4:47  Overlord  
  42  4:51  Zergling x2  
  44  4:55  Drone, Zergling x2  
  44  4:56  Drone, Zergling x2  
  44  4:57  Drone  
  44  4:59  Zergling x2  
  50  5:02  Drone x2  
  52  5:08  Drone  
  53  5:14  Queen  
  53  5:16  Drone  
  53  5:18  Roach Warren  
  53  5:20  Drone x2  
  57  5:25  Zergling x6  
  60  5:30  Overlord  
  60  5:31  Extractor x2  
  57  5:38  Overlord  
  57  5:41  Zergling x2  
  57  5:42  Zergling x2  
  59  5:44  Overlord  
  59  5:49  Overlord  
  59  5:55  Drone  
  60  5:58  Roach  
  60  5:59  Roach x5  
  60  6:02  Roach  
  74  6:06  Roach  
  74  6:08  Roach  
  78  6:12  Roach  
  78  6:16  Roach  
  82  6:21  Roach  
  84  6:32  Roach  
  80  6:33  Overlord  
  80  6:37  Overlord  
  80  6:44  Overlord  
  79  6:50  Overlord, Hatchery  
  77  6:58  Drone  
  73  7:01  Drone  
  73  7:02  Drone  
  73  7:05  Ravager x2  
  74  7:11  Drone  
  74  7:14  Drone  
  76  7:19  Roach  
  76  7:20  Drone  
  77  7:23  Drone  
  78  7:30  Drone  
  78  7:31  Drone, Ravager  
  78  7:33  Drone x2  
  78  7:35  Drone  
  78  7:42  Roach x3  
  78  7:43  Drone  
  77  7:46  Drone  
  72  7:53  Drone  
  72  7:55  Extractor x2  
  71  7:59  Queen  
  71  8:00  Roach  
  71  8:01  Roach x3  
  71  8:02  Queen  
  71  8:04  Drone x2  
  85  8:11  Roach  
  87  8:14  Drone  
  87  8:16  Overlord  
  87  8:17  Drone x2  
  90  8:21  Lair  
  90  8:22  Roach, Zergling x2  
  90  8:24  Zergling x2  
  94  8:29  Ravager, Zergling x2  
  94  8:30  Zergling x6  
  94  8:32  Roach  
  94  8:34  Overlord  
  101  8:39  Drone x3  
  104  8:42  Evolution Chamber  
  104  8:43  Evolution Chamber  
  104  8:46  Roach x2  
  104  8:48  Ravager  
  105  8:49  Roach  
  105  8:52  Roach  
  105  8:54  Roach  
  107  9:09  Extractor, Zerg Ground Armor Level 1  
  106  9:10  Drone  
  106  9:11  Drone x5  
  106  9:13  Extractor  
  106  9:15  Zergling x12  
  117  9:18  Ravager  
  117  9:23  Hatchery, Glial Reconstitution  
  117  9:24  Zergling x2  
  117  9:25  Zergling x2  
  117  9:28  Overlord  
  118  9:38  Drone  
  118  9:39  Drone x2  
  118  9:40  Drone  
  118  9:42  Baneling Nest, Hydralisk Den  
  120  9:47  Hatchery  
  120  9:50  Roach x4  
  127  9:54  Zerg Missile Weapons Level 1  
  127  9:55  Drone x5  
  127  9:57  Overlord  
  132  10:02  Overlord  
  132  10:03  Roach  
  132  10:05  Overlord  
  134  10:09  Drone x3  
  137  10:18  Overlord  
  137  10:20  Hydralisk  
  137  10:21  Hydralisk x2  
  131  10:34  Hatchery  
  127  10:37  Hydralisk  
  127  10:38  Hydralisk x3  
  135  10:45  Drone x3  
  135  10:46  Drone  
  135  10:49  Overlord  
  139  10:50  Zergling x2  
  139  10:51  Zergling x2  
  139  10:57  Centrifical Hooks  
  141  10:58  Grooved Spines  
  141  11:00  Zergling x2  
  141  11:01  Zergling x4  
  144  11:07  Overlord  
  144  11:08  Zergling x2  
  144  11:09  Zergling x4  
  144  11:10  Ravager, Hydralisk  
  150  11:13  Hydralisk x2  
  150  11:18  Zergling x4  
  156  11:23  Zergling x2  
  156  11:26  Baneling  
  156  11:29  Hydralisk x2  
  160  11:34  Overlord  
  160  11:38  Overlord  
  158  11:43  Hatchery  
  157  11:53  Drone x2  
  159  11:57  Infestation Pit, Hydralisk x3  
  159  12:00  Baneling x4  
  159  12:01  Baneling  
  164  12:04  Zerg Melee Weapons Level 1  
  164  12:09  Muscular Augments  
  164  12:11  Zerg Ground Armor Level 2  
  164  12:16  Zergling x10  
  164  12:20  Overlord  
  169  12:24  Overlord  
  169  12:28  Overlord  
  169  12:34  Hive  
  169  12:40  Overlord  
  169  12:43  Hydralisk  
  171  12:48  Zergling x6  
  171  12:50  Hatchery  
  171  12:51  Zergling x4  
  173  13:01  Hatchery  
  173  13:03  Zergling x6, Spire  
  174  13:05  Extractor  
  174  13:08  Zergling x4  
  174  13:09  Zergling x2  
  176  13:19  Baneling x6  
  175  13:26  Zergling x2  
  179  13:27  Zergling x16  
  179  13:28  Zergling x2  
  179  13:33  Zergling x6  
  188  13:37  Zergling x4  
  188  13:38  Zergling x2  
  191  13:43  Baneling x5  
  191  13:46  Zergling x2  
  191  13:47  Zergling x4  
  194  13:48  Viper  
  194  13:50  Viper  
  200  14:11  Pneumatized Carapace  
  197  14:19  Greater Spire  
  197  14:20  Zergling x6  
  200  14:28  Baneling x13  
  200  14:29  Baneling x2  
  200  14:33  Hatchery  
  200  14:37  Zergling x2  
  198  14:49  Zergling x10  
  200  14:53  Baneling  
  196  15:02  Zergling x2  
  196  15:03  Zergling x4  
  199  15:11  Zerg Melee Weapons Level 2  
  199  15:15  Corruptor  
  199  15:17  Corruptor x2  
  199  15:20  Corruptor  
  199  15:21  Corruptor x4  
  191  15:25  Zergling x18  
  193  15:31  Zergling x2  
  193  15:32  Zergling x8  
  184  15:56  Brood Lord x5  
  189  15:57  Hatchery  
  188  16:04  Brood Lord  
  188  16:10  Zergling x14  
  190  16:18  Brood Lord  
  192  16:21  Extractor  
  192  16:22  Extractor  
  192  16:24  Brood Lord  
  191  16:30  Hydralisk  
  191  16:31  Hydralisk  
  189  16:36  Hydralisk  
  183  16:40  Hydralisk  
  183  16:45  Hydralisk x2  
  179  16:54  Hydralisk x2  
  179  16:56  Zergling x4  
  179  17:00  Zergling x4  
  182  17:11  Hatchery  
  181  17:16  Zergling x6  
  181  17:18  Zergling x2  
  181  17:20  Zergling x2  
  181  17:21  Zergling x2  
  187  17:23  Zergling x2  
  187  17:25  Zergling x2  
  189  17:31  Zergling x2  
  189  17:32  Zergling x6  
  189  17:34  Zergling x2  
  189  17:35  Zergling x2  
  195  17:42  Zergling x2  
  192  17:48  Hydralisk x3  
  192  17:49  Zergling x2  
  174  17:53  Zergling x6  
  174  17:56  Zergling x2  
  145  17:58  Zergling x2  
  145  18:00  Zergling x2  
  145  18:01  Zergling x2  
  145  18:04  Zergling x2  
  148  18:07  Zergling x2  
  148  18:10  Zergling x6  
  144  18:13  Zergling x2  
  144  18:19  Baneling x4  
  145  18:25  Zergling x12  
  157  18:37  Baneling x6  
  157  18:38  Zergling x2  
  157  18:40  Zergling x2  

Tags
 
Add a new tag
Caveats
  • Supply blocks, unpowered buildings, or Contaminate may cause inaccurate times.
  • Supply counts are checked every 10 seconds.